 Dungeon Crawl Stone Soup version 0.31.0-11-ge490571c62 (webtiles) character file.

Game seed: 1485477461045952169

50 gelatine the Trooper (level 3, -1/29 HPs)
             Began as a Demonspawn Fighter on Jan 27, 2024.
             Slain by a goblin
             ... wielding a +0 club
             ... led by Robin
              (5 damage)
             ... on level 2 of the Dungeon.
             The game lasted 00:01:42 (590 turns).

gelatine the Trooper (Demonspawn Fighter)            Turns: 590, Time: 00:01:42

Health: -1/29      AC:  6    Str: 18    XL:     3   Next: 55%
Magic:  3/3        EV:  9    Int:  8    God:
Gold:   46         SH:  4    Dex: 12    Spells: 2/2 levels left

rFire   . . .        a - +0 war axe
rCold   . . .        c - +0 buckler
rNeg    . . .        b - +0 scale mail
rPois   .            (helmet restricted)
rElec   .            (no cloak)
rCorr   .            (no gloves)
SInv    .            (no boots)
Will    .....        (no amulet) Stlth
                     (no ring)
HPRegen 0.24/turn    (no ring)
MPRegen 0.08/turn

%: no passive effects
@: no status effects
A: antennae 1
a: no special abilities


You were on level 2 of the Dungeon.
You visited 1 branch of the dungeon, and saw 2 of its levels.

You collected 46 gold pieces.

Inventory:

Hand Weapons
 a - a +0 war axe (weapon)
Armour
 b - a +0 scale mail (worn)
 c - a +0 buckler (worn)
Magical Staves
 f - a staff of conjuration
Scrolls
 e - 3 scrolls of amnesia {unknown}
 g - 2 scrolls of identify {unknown}
 h - a scroll of fog {unknown}
 i - a scroll of blinking {unknown}
Potions
 d - a potion of might


   Skills:
 + Level 3.3 Fighting
 + Level 2.7 Axes
 + Level 3.1 Armour
 + Level 0.5 Dodging
 + Level 2.8 Shields


You had 2 spell levels left.
You didn't know any spells.
Your spell library was empty.

Dungeon Overview and Level Annotations

Branches:
Dungeon (2/15)

Altars:

Annotations:
D:2 Robin


Innate Abilities, Weirdness & Mutations

You have a pair of small antennae on your head.


Message History

You miss the goblin.
You feel sick. The goblin barely misses you. Robin throws the goblin at you!
You block the goblin's attack. The goblin hits you but does no damage.
Robin says, "A pitiful Demonspawn like you will never find the ORB!"
Unknown command.
You closely miss the goblin. You hit the goblin.
You kill the goblin!
You barely miss the goblin. You closely miss the goblin.
You feel sick. The goblin hits you with a +0 club.
The goblin hits you but does no damage. The goblin barely misses you.
Unknown command.
You hit the goblin.
You kill the goblin!
You hit the goblin but do no damage. You hit the goblin.
You feel sick.
You are no longer poisoned.
The goblin closely misses you. Robin throws the goblin at you!
You block the goblin's attack. The goblin barely misses you.
Unknown command.
You closely miss the goblin.
The goblin is severely wounded.
You hit the goblin.
You kill the goblin!
You closely miss the goblin. You hit the endoplasm.
The hobgoblin no longer looks unusually strong.
Robin roars a battlecry!
The hobgoblin goes into a battle-frenzy!
The goblin completely misses you. The endoplasm barely misses you.
The goblin hits you with a +0 dagger. The goblin hits you with a +0 club.
* * * LOW HITPOINT WARNING * * *
The endoplasm hits you but does no damage.
The goblin hits you but does no damage.
You slash Robin!
Robin is severely wounded.
You barely miss the goblin. You closely miss the goblin. You hit the endoplasm.
You kill the endoplasm!
The goblin no longer looks unusually strong.
Robin roars a battlecry!
The goblin goes into a battle-frenzy!
The goblin hits you with a +0 club.
You die...

####......#
#.....#...#
#.....+...#
#...#.#†..# #
#.†.#.....###
#.#...........+ .
#.#.#####.##### ...
#.......#..g###.....
###.###.#..)@)g.....
#.# #..)ggg....#
#.### #....#######
#...# ###>.. ###.#
#.### #.# #.# #.#
#.# #.# #.# #.#


You could see Robin, a hobgoblin (strong) and 3 goblins.

Vanquished Creatures
  A dart slug (D:1)
  A ribbon worm (D:2)
  5 ball pythons
  4 endoplasms
  3 giant cockroaches (D:1)
  10 goblins
  3 hobgoblins
  A kobold (D:1)
  2 quokkas
  5 bats
  3 rats
38 creatures vanquished.

Notes
Turn   | Place    | Note
-------+----------+-------------------------------------------
     0 | D:1      | gelatine the Demonspawn Fighter began the quest for the
                  | Orb.
     0 | D:1      | Reached XP level 1. HP: 18/18 MP: 1/1
   128 | D:1      | Gained mutation: You have a pair of small antennae on your
                  | head. [demonic ancestry]
   128 | D:1      | Reached XP level 2. HP: 19/24 MP: 2/2
   423 | D:1      | Reached XP level 3. HP: 28/29 MP: 3/3
   579 | D:2      | Noticed Robin
   590 | D:2      | Slain by a goblin

Illustrated notes

Levels and vault maps discovered:
D:1:      saegor_arrival_simple_b, layout_rooms, minmay_liquid_box
D:2:      layout_basic, uniq_robin

Skill      XL: |  1  2 |
---------------+-------+-----
Axes           | 2 |  2.7
Armour         | 3 |  3.1
Fighting       | |  3.3
Dodging        | |  0.5
Shields        | |  2.8

Action                     || total
---------------------------++-------
  Melee: War axe           ||    89
 Armour: Scale mail        ||   107
  Dodge: Dodged            ||    60
  Block: Buckler           ||    28
